 Dungeon Crawl Stone Soup version 0.19.0-2-gae57169 (webtiles) character file.

80 Neder the Chopper (level 4, 27/35 HPs)
             Began as a Demonspawn Fighter on Nov 4, 2016.
             Quit the game on level 2 of the Dungeon.
             The game lasted 00:01:33 (1350 turns).

Neder the Chopper (Demonspawn Fighter)              Turns: 1350, Time: 00:01:34

Health: 27/35      AC: 10    Str: 17    XL:     4   Next: 18%
Magic:  4/4        EV:  9    Int: 10    God:
Gold:   31         SH:  0    Dex: 12    Spells: 0 memorised, 3 levels left

rFire  . . .     SeeInvis .     a - +0 war axe
rCold  . . .     Gourm    .     b - +0 scale mail
rNeg   . . .     Faith    .     (no shield)
rPois  .         Spirit   .     m - +0 helmet
rElec  .         Reflect  .     (no cloak)
rCorr  .         Harm     .     (no gloves)
MR     .....                    (no boots)
Stlth  ..........               (no amulet)
                                (no ring)
                                (no ring)

@: mildly poisoned (27 -> 23)
A: yellow scales 2
a: no special abilities


You were on level 2 of the Dungeon.
You were near starving.

You visited 1 branch of the dungeon, and saw 2 of its levels.

You collected 31 gold pieces.

Inventory:

Hand Weapons
 a - a +0 war axe (weapon)
Armour
 b - a +0 scale mail (worn)
 m - a +0 helmet (worn)
Scrolls
 c - a scroll of noise {unknown}
 e - a scroll of fear {unknown}
 g - 6 scrolls of identify {unknown}
 h - a scroll of blinking {unknown}
Potions
 d - a potion of might
 i - a potion of invisibility {unknown}
 j - a potion of berserk rage {unknown}
Comestibles
 f - 2 bread rations
 k - a slice of pizza
 l - a beef jerky
 n - a fruit


   Skills:
 - Level 3.0 Fighting
 + Level 4.1 Axes
 - Level 2.6 Armour
   Level 2.6 Shields


You had 3 spell levels left.
You didn't know any spells.

Dungeon Overview and Level Annotations

Branches:
Dungeon (2/15)

Altars:
Kikubaaqudgha
Nemelex Xobeh

Annotations:
D:2 1 runed door


Innate Abilities, Weirdness & Mutations

You are mostly covered in yellow scales. (AC +3)


Message History

There are monsters nearby!
You hit the worm.
The worm is severely wounded.
You closely miss the adder. The adder bites you but does no damage.
The worm bites you but does no damage. The adder bites you.
You are poisoned.
The adder poisons you!
There are monsters nearby!
You hit the worm.
The worm is almost dead.
You hit the adder.
You feel sick. The adder bites you but does no damage.
The worm barely misses you.
There are monsters nearby!
You hit the worm.
The worm is almost dead.
You closely miss the adder.
You feel sick. The adder bites you but does no damage.
The adder closely misses you. The worm misses you.
Unknown command.
Are you sure you want to abandon this character and quit the game? (Confirm with "yes".)

#.#.########.
#......(......#
##.....#####..#
#..#..#####..#
#.#_#........#
.
#..#...#####.#
#.# #......#
#.###....
##.#...#
##$w....%.
#.#####
#.@S.....# #.#
#.########
#.########.#
#..........#
############


You could see a worm and an adder.

Vanquished Creatures
  Robin (D:2)
  3 adders (D:2)
  A dart slug (D:1)
  A giant cockroach (D:1)
  9 goblins
  4 hobgoblins
  A quokka (D:2)
  6 bats (D:1)
  2 frilled lizards (D:1)
  7 kobolds
  9 rats
44 creatures vanquished.

Notes
Turn   | Place    | Note
-------+----------+-------------------------------------------
     0 | D:1      | Neder the Demonspawn Fighter began the quest for the Orb.
     0 | D:1      | Reached XP level 1. HP: 18/18 MP: 1/1
    44 | D:1      | Reached skill level 2 in Axes
   152 | D:1      | Found a sparkling altar of Nemelex Xobeh.
   247 | D:1      | Gained mutation: You are partially covered in yellow scales. (AC +2) [demonic ancestry]
   247 | D:1      | Reached XP level 2. HP: 23/24 MP: 2/2
   485 | D:1      | Reached skill level 3 in Axes
   709 | D:2      | Noticed Robin
   713 | D:2      | Gained mutation: You are mostly covered in yellow scales. (AC +3) [demonic ancestry]
   713 | D:2      | Reached XP level 3. HP: 29/29 MP: 3/3
   726 | D:2      | Killed Robin
  1091 | D:2      | Found a runed door.
  1156 | D:2      | Reached XP level 4. HP: 33/35 MP: 4/4
  1171 | D:2      | Found an ancient bone altar of Kikubaaqudgha.
  1183 | D:2      | Reached skill level 4 in Axes
  1314 | D:2      | Found a faded altar of an unknown god.
  1350 | D:2      | Quit the game

Skill      XL: |  1  2  3  4 |
---------------+-------------+-----
Axes           | 2 3 4 |  4.1
Fighting       | |  3.0
Armour         | |  2.6
Shields        | |  2.6

Action                   |  1- 3 |  4- 6 || total
-------------------------+-------+-------++-------
Melee: War axe           |   104 |    32 ||   136
Armor: Scale mail        |    77 |    33 ||   110
Dodge: Dodged            |    45 |    18 ||    63
Block: Shield            |    51 |       ||    51
